 Dungeon Crawl Stone Soup version 0.28.0-55-gcd9437bce4 (webtiles) character file.

Game seed: 7898500125159623762

2743 nerdsy the Cleaver (level 9, 0/81 HPs)
             Began as a Deep Dwarf Fighter on Jan 4, 2023.
             Slain by a two-headed ogre
             ... wielding a +0 giant club
              (12 damage)
             ... on level 8 of the Dungeon.
             The game lasted 00:20:47 (4832 turns).

nerdsy the Cleaver (Deep Dwarf Fighter)             Turns: 4832, Time: 00:20:49

Health: 0/81       AC: 16    Str: 23    XL:     9   Next: 41%
Magic:  8/8        EV:  7    Int:  8    God:
Gold:   326        SH:  5    Dex: 14    Spells: 8/8 levels left

rFire   + . .      SeeInvis +   e - +7 battleaxe of Eternal Vigilance {flame, rCorr SInv}
rCold   + . .      Faith    .   (shield currently unavailable)
rNeg    . . .      Spirit   .   i - +0 plate armour
rPois   .          Reflect  +   j - +0 helmet
rElec   .          Harm     .   s - +1 cloak
rCorr   +          Rampage  .   (no gloves)
Will    ++++.                   (no boots)
Stlth   ..........              C - amulet of the Villain {Reflect Contam +Blink rF+ Will+++ SH+5}
HPRegen 0.00/turn               h - ring of protection from cold
MPRegen 0.11/turn               (no ring)

@: no status effects
A: damage resistance, heal wounds, sense surroundings 2, no regeneration
a: Heal Wounds, Evoke Blink


You were on level 8 of the Dungeon.
You visited 1 branch of the dungeon, and saw 8 of its levels.

You collected 326 gold pieces.

Inventory:

Hand Weapons
 e - the +7 battleaxe of Eternal Vigilance (weapon) {flame, rCorr SInv}
   (You acquired it on level 4 of the Dungeon)

   It burns those it strikes, dealing additional fire damage.
   Big, fiery blades are also staple armaments of hydra-hunters.
   SInv:      It lets you see invisible.
   rCorr:     It protects you from acid and corrosion.
 F - a +2 whip of flaming
Missiles
 c - 57 arrows
 q - 124 stones
 y - 6 javelins
 A - 10 boomerangs
 D - 7 poisoned darts
 E - a throwing net
Armour
 i - a +0 plate armour (worn)
 j - a +0 helmet (worn)
 s - a +1 cloak (worn)
Jewellery
 a - an amulet of the acrobat
 h - a ring of protection from cold (left hand)
 C - the amulet of the Villain (around neck) {Reflect Contam +Blink rF+ Will+++ SH+5}
   (You found it on level 7 of the Dungeon)

   [amulet of reflection]

   It reflects blocked missile attacks.
   rF:        It protects you from fire.
   +Blink:    It lets you blink.
   Contam:    It causes magical contamination when unequipped.
   SH:        It affects your SH (+5).
   Will:      It greatly increases your willpower.
Wands
 b - a wand of charming (4)
Scrolls
 k - 2 scrolls of blinking
 l - 2 scrolls of amnesia
 n - 7 scrolls of teleportation
 v - 4 scrolls of vulnerability
 w - a scroll of summoning
 x - a scroll of torment {unknown}
 z - 2 scrolls of fog {unknown}
Potions
 d - a potion of might
 f - a potion of lignification {unknown}
 g - a potion of flight {unknown}
 m - 2 potions of ambrosia {unknown}
 o - 2 potions of curing {unknown}
 p - 2 potions of degeneration {unknown}
 r - a potion of berserk rage {unknown}
 t - a potion of mutation {unknown}
 u - 4 potions of invisibility {unknown}
 B - 3 potions of resistance


   Skills:
 + Level 5.6 Fighting
 + Level 10.4 Axes
 + Level 3.2 Staves
 + Level 6.5 Armour
 + Level 2.3 Dodging
 + Level 0.8 Stealth
 + Level 3.8 Shields


You had 8 spell levels left.
You didn't know any spells.
Your spell library contained the following spells:

 Spells                   Type           Power      Damage    Failure   Level
 Beastly Appendage        Tmut           0%         N/A       100%        1
 Sandblast                Erth           0%         2d4       100%        1
 Passwall                 Tmut/Erth      0%         N/A       100%        2
 Wereblood                Tmut           0%         N/A       100%        2
 Gell's Gravitas          Tloc           0%         N/A       100%        3
 Spider Form              Tmut/Pois      0%         N/A       100%        3
 Stone Arrow              Conj/Erth      0%         3d7       100%        3
 Teleport Other           Tloc           0%         N/A       100%        3
 Leda's Liquefaction      Hex/Erth       0%         N/A       100%        4
 Lee's Rapid Deconstruct  Erth           0%         3d5*      100%        5
 Dispersal                Tloc           0%         N/A       100%        6
 Statue Form              Tmut/Erth      0%         N/A       100%        6


Dungeon Overview and Level Annotations

Branches:
Dungeon (8/15)             Temple (0/1) D:5
   Lair: D:8-11

Altars:
Hepliaklqana
Uskayaw
Yredelemnul

Portals:
Bailey: D:8


Innate Abilities, Weirdness & Mutations

You are resistant to damage.
You can heal yourself by infusing magical energy.
You passively map the area around you.
You do not regenerate.


Message History

You hit the two-headed ogre. You burn the two-headed ogre.
The two-headed ogre is heavily wounded.
The goblin hits you but does no damage. The goblin closely misses you.
The two-headed ogre hits you but does no damage.
The two-headed ogre hits you with a +0 giant spiked club.
You barely miss the two-headed ogre.
The two-headed ogre is heavily wounded.
The goblin hits you but does no damage. The goblin completely misses you.
You hit the two-headed ogre. You burn the two-headed ogre.
The two-headed ogre is heavily wounded.
The goblin closely misses you.
The two-headed ogre closely misses you. x2
The goblin barely misses you. The goblin hits you but does no damage.
You barely miss the two-headed ogre.
The two-headed ogre is heavily wounded.
You block the goblin's attack.
The two-headed ogre hits you with a +0 giant club!
The two-headed ogre hits you with a +0 giant spiked club.
The goblin hits you but does no damage. The goblin barely misses you.
You barely miss the two-headed ogre.
The two-headed ogre is heavily wounded.
The two-headed ogre hits you with a +0 giant club!!
* * * LOW HITPOINT WARNING * * *
The two-headed ogre hits you with a +0 giant spiked club!
* * * LOW HITPOINT WARNING * * *
The goblin hits you but does no damage.
The goblin hits you from afar with a +0 spear.
Activating: Heal Wounds (9% risk of failure)
Press: ? - help, Q - select action, (/) - cycle Dir - look around, f - activate You feel much better.
The two-headed ogre hits you with a +0 giant club!!
* * * LOW HITPOINT WARNING * * *
The two-headed ogre hits you with a +0 giant spiked club!
* * * LOW HITPOINT WARNING * * *
The goblin barely misses you. x2
Activating: Heal Wounds (9% risk of failure)
Press: ? - help, Q - select action, (/) - cycle Dir - look around, f - activate You fail to use your ability.
The goblin hits you but does no damage. The goblin barely misses you.
The two-headed ogre hits you with a +0 giant club!
You die...

..............# .≈≈≈≈≈.
..............#,
K≈...≈.
..............#,
.g>∩.≈. ...##...##....#
,.≈...≈. * * ###
#...##....####.≈≈≈≈≈. *
....#........#....... ,
,
#....#.....[..#g.....#
, , ,
,#....#.......)OggK...#
, #.......@#....(.# , ,
* ,#........#......#, ,
#........#....>.# , ,
##.....###......# * , ,
#.....# ...####* , * *
, * , ,,#.....# ,...# ,
,, , ,#.....# ,(..+ ,
,#.....# ,, , , *
,,,,####### ,, * **


You could see a two-headed ogre, 3 goblins and a kobold.

Vanquished Creatures
  Pikel (D:8)
  A shadow (D:7)
  A water moccasin (D:7)
  2 ice beasts
  2 sky beasts
  2 ogres
  A centaur (D:5)
  2 lemures (D:8)
  A kobold brigand (D:4)
  A bullfrog (D:6)
  3 scorpions
  A wyvern zombie (D:8)
  A wyvern skeleton (D:6)
  A howler monkey (D:5)
  2 centaur zombies
  2 bullfrog zombies (D:5)
  A crimson imp (D:4)
  A hound (D:6)
  2 jellies
  Crazy Yiuf (D:2)
  An orc priest (D:7)
  4 centaur skeletons
  6 iguanas
  6 orc wizards
  A killer bee zombie (D:5)
  A hound zombie (D:5)
  A hound skeleton (D:5)
  A mummy (D:7)
  A gnoll (D:1)
  6 adders
  A shadow imp (D:5)
  A white imp (D:4)
  An ufetubus (D:6)
  2 worms
  A dart slug (D:1)
  26 orcs
  9 ball pythons
  11 endoplasms
  3 giant cockroaches
  6 hobgoblins
  3 quokkas
  5 bats
  3 frilled lizards
  5 goblins
  A hobgoblin zombie (D:7)
  6 kobolds
  2 kobold zombies (D:7)
  An orc zombie (D:7)
  2 rats
146 creatures vanquished.

Notes
Turn   | Place    | Note
-------+----------+-------------------------------------------
     0 | D:1      | nerdsy the Deep Dwarf Fighter began the quest for the Orb.
     0 | D:1      | Reached XP level 1. HP: 20/20 MP: 1/1
   159 | D:1      | Reached XP level 2. HP: 23/28 MP: 2/2
   367 | D:1      | Reached XP level 3. HP: 19/34 MP: 3/3
   716 | D:2      | Found a faded altar of an unknown god.
   763 | D:2      | Reached skill level 3 in Axes
   887 | D:2      | Found a runed translucent door.
   888 | D:2      | Noticed Crazy Yiuf
  1167 | D:2      | Killed Crazy Yiuf
  1168 | D:2      | Reached XP level 4. HP: 15/42 MP: 4/4
  1472 | D:3      | Found a faded altar of an unknown god.
  1479 | D:3      | Found a hazy altar of Hepliaklqana.
  1745 | D:4      | Reached XP level 5. HP: 40/49 MP: 5/5
  1819 | D:4      | Reached skill level 4 in Axes
  1893 | D:4      | Found a hide-covered altar of Uskayaw.
  1925 | D:4      | Reached skill level 1 in Staves
  1925 | D:4      | Reached skill level 1 in Dodging
  2022 | D:4      | Reached XP level 6. HP: 33/57 MP: 6/6
  2063 | D:4      | Identified a scroll of acquirement
  2063 | D:4      | Acquired the +7 battleaxe of Eternal Vigilance {flame,
                  | rCorr SInv}
  2116 | D:4      | Noticed a sky beast
  2124 | D:4      | Killed a sky beast
  2416 | D:5      | Entered Level 5 of the Dungeon
  2450 | D:5      | Reached skill level 5 in Armour
  2461 | D:5      | Reached XP level 7. HP: 51/64 MP: 7/7
  2526 | D:5      | Found a staircase to the Ecumenical Temple.
  2668 | D:5      | Reached skill level 5 in Axes
  2770 | D:5      | Reached skill level 6 in Axes
  2988 | D:6      | Reached XP level 8. HP: 47/73 MP: 8/8
  3034 | D:6      | Reached skill level 7 in Axes
  3270 | D:6      | Found a basalt altar of Yredelemnul.
  3870 | D:7      | Reached skill level 5 in Fighting
  3870 | D:7      | Reached skill level 8 in Axes
  3991 | D:7      | Found a sand-covered staircase.
  4136 | D:7      | Reached skill level 9 in Axes
  4147 | D:7      | Identified the amulet of the Villain {Reflect Contam +Blink
                  | rF+ Will+++ SH+5}
  4204 | D:7      | Gained mutation: You passively map the area around you.
                  | [Deep Dwarf growth]
  4204 | D:7      | Reached XP level 9. HP: 35/81 MP: 9/9
  4777 | D:8      | Noticed Pikel
  4784 | D:8      | Killed Pikel
  4785 | D:8      | Reached skill level 10 in Axes
  4803 | D:8      | Found a flagged portal.
  4809 | D:8      | Noticed a two-headed ogre
  4832 | D:8      | Slain by a two-headed ogre

Illustrated notes

Levels and vault maps discovered:
D:1:      amcnicky_arrival_underground_garden, layout_loops_ring
D:2:      layout_rooms, serial_rivers, chequers_serial_rivers_small_a,
          chequers_serial_rivers_small_a, chequers_serial_rivers_micro_b,
          chequers_serial_rivers_micro_a, chequers_serial_rivers_small_b,
          ebering_ecumenical_altar_mist, minmay_misc_feat_diagonals,
          kennysheep_doodads, uniq_crazy_yiuf_cottage
D:3:      layout_basic, nicolae_overflow_ecumenical_swirl
D:4:      layout_loops_ring, nicolae_uskayaw_dance_hall,
          minmay_misc_feat_more_columns, minmay_fire_ice_demons
D:5:      layout_cave_pools, minmay_temple_entry_wispy,
          minmay_increasing_density
D:6:      layout_loops_ring, old_standard_altar, serial_co_window_serial,
          co_window_of_opportunity_a, co_window_of_opportunity_a,
          co_window_paths_a, co_window_paths_b, co_window_paths_a,
          co_window_2corner, co_window_of_opportunity_b,
          co_window_unsneaky_path_e, co_window_of_opportunity_b,
          glass_columns_c, glass_columns_c, glass_columns_b, glass_columns_b,
          dk_noncrumbling_3
D:7:      minmay_bubble_buster, layout_loops_cross, enter_ossuary_5,
          minmay_mini_ossuary
D:8:      layout_gridville, enter_bailey_5, uniq_psyche, uniq_pikel

Skill      XL: |  1  2  3  4  5  6  7  8  9 |
---------------+----------------------------+-----
Fighting       | 3 4 5 |  5.6
Axes           | 3 4 6 9 10 | 10.4
Armour         | 4 5 6 |  6.5
Staves         | 1 2 3 |  3.2
Dodging        | 1 2 |  2.3
Stealth        | |  0.8
Shields        | |  3.8

Action                   |  1- 3 |  4- 6 |  7- 9 || total
-------------------------+-------+-------+-------++-------
Melee: War axe           |   110 |       |       ||   110
       Quarterstaff      |       |    52 |       ||    52
       Battleaxe         |       |    28 |   149 ||   177
 Abil: Heal Wounds       |     2 |     4 |     9 ||    15
  Use: Scroll            |       |    11 |       ||    11
Armor: Scale mail        |    39 |    37 |    26 ||   102
       Plate armour      |       |       |    90 ||    90
Dodge: Dodged            |    47 |    45 |   103 ||   195
Block: Buckler           |    34 |       |       ||    34
       Other             |       |       |    14 ||    14
